AoeStats
← Brunnski_de

Nomad

510818262Analyzed
2v2 RM · 1d ago on Oct 2, 2026· 38m 39s· 4 players
Game mode
Random Map
Map size
176×176
Population
200
Speed
Normal
Resources
Standard
Victory
Conquest
Starting age
Dark Age
Ending age
Imperial Age
RankedLock teamsTeams togetherTeam positionsShared explorationLock speedFull tech treeHidden civsTurbo modeCheats
Victory
Defeat
🇩🇪 Persians · Germany
1301
+13
🇩🇪 Vietnamese · Germany
1289
+14
🇬🇧 Dravidians · United Kingdom
1271
-14
🇦🇷 Vietnamese · Argentina
1219
-13
xBOYLANATORx
5:19 Loom
14:59 Feudal Age
16:32 Double-Bit Axe
17:36 Gold Mining
21:55 Castle Age
21:06 Scale Barding Armor
23:25 Bow Saw
24:06 Husbandry
23:44 Pikeman
25:14 Fishing Lines
26:25 Wheelbarrow
27:52 Gillnets
28:43 Fletching
29:34 Town Watch
32:24 Stone Mining
35:52 Hand Cart
36:54 Scale Mail Armor
37:04 Forging
Ilum | DiegoGrip
4:20 Loom
14:24 Feudal Age
15:19 Fishing Lines
17:44 Forging
23:09 Castle Age
23:32 Double-Bit Axe
24:50 Gillnets
25:37 Bow Saw
35:40 Town Watch
38:10 Murder Holes
38:14 Fletching
38:46 Squires
38:48 Scale Mail Armor
39:25 Iron Casting
Brunnski_de
13:49 Feudal Age
15:19 Double-Bit Axe
15:29 Loom
17:55 Castle Age
17:37 Scale Barding Armor
17:46 Bloodlines
17:31 Gold Mining
18:22 Horse Collar
19:04 Loom
25:28 Town Watch
30:49 Forging
31:02 Husbandry
34:38 Fletching
p0cketPaule
4:17 Loom
13:49 Feudal Age
14:45 Double-Bit Axe
15:07 Fishing Lines
16:55 Man-at-Arms
18:43 Fletching
18:43 Horse Collar
22:42 Castle Age
21:11 Stone Mining
24:05 Scale Mail Armor
24:51 Squires
26:20 Padded Archer Armor
25:52 Pikeman
27:42 Bodkin Arrow
32:38 Forging
33:40 Leather Archer Armor
37:35 Chain Mail Armor
Connection lost

Rejoining the realm…

Still unreachable

The connection could not be restored.

Session expired

The server has moved on; the page needs a fresh start.